Unix NetHack Version 5.0.0-0 post-release - last build May 17 2026 04:57:42 (dc50c8380fa5e20985bfe3072449f57b8d9895ef,branch:main).

Game began 2026-05-21 20:45:40, ended 2026-05-21 21:21:43.

CyberFan, lawful female human Knight

                                ------ --------
                                |....---...>|<|
                                |.%00......-|^|
                                |.0.0.|000Y||^|
                                |.....|..@.||^|
                                |----.------|^|
                                |......|    |^|
                                |...0..------^|
                                |...%0..^...^^|
                                |....(.-----..|
                                --------   ----

CyberFan the Bachelor    St:14 Dx:9 Co:11 In:11 Wi:14 Ch:17  Lawful
Dlvl:6  $:65 HP:0(46) Pw:45(45) AC:-1 Xp:6/410 T:2668 

Latest messages:
 What do you want to wield? [- ab or ?*]
 a - the blessed rustproof +1 Excalibur (weapon in right hand).
 b - a blessed +1 lance (alternate weapon; not wielded).
 The dog bites!
 What do you want to drop? [$a-ps-zA-HK-M or ?*]
 You drop a blessed +1 lance.
 The dog bites!
 The dog bites!
 You miss the dog.
 The dog bites!
 The dog bites!
 The dog bites!
 What do you want to drop? [$ac-ps-zA-HK-M or ?*]
 You drop a +0 polished silver shield.
 The dog bites!
 The dog bites!
 What do you want to drop? [$ac-ps-yA-HK-M or ?*]
 You drop a brown potion.
 Your movements are now unencumbered.
 The dog misses!
 You hit the dog!
 The dog bites!
 You miss the dog.
 The dog bites!
 You miss the dog.
 The dog just misses!
 The dog bites!
 You kill the dog!
 You have a little trouble lifting a blessed +1 lance.  Continue? [ynq] (q)
 You have a little trouble lifting b - a blessed +1 lance.
 You have trouble lifting a saddle.  Continue? [ynq] (q)
 You have trouble lifting P - a saddle.
 You rebalance your load.  Movement is difficult.
 What do you want to drop? [$a-ps-vxyA-HK-MP or ?*]
 You drop a saddle.
 Your movements are only slowed slightly by your load.
 You hear a monster behind the boulder.
 Perhaps that's why you cannot move it.
 You hear a monster behind the boulder.
 Perhaps that's why you cannot move it.
 What do you want to drop? [$a-ps-vxyA-HK-M or ?*]
 You drop a blessed +1 lance.
 Your movements are now unencumbered.
 You hit the owlbear!
 The owlbear hits!
 The owlbear hits again!
 You miss the owlbear.
 The owlbear hits!
 The owlbear hits again!
 You die...

Inventory:
 Coins    ('$')
  $ - 65 gold pieces
 Amulets  ('"')
  i - an uncursed amulet of ESP
 Weapons  (')')
  a - the blessed rustproof +1 Excalibur (weapon in right hand)
 Armor    ('[')
  d - a blessed +0 helmet (being worn)
  f - an uncursed +0 pair of leather gloves (being worn)
  e - an uncursed +0 pair of iron shoes (being worn)
  A - an uncursed +0 cloak of displacement (being worn)
  y - an uncursed +0 dwarvish mithril-coat (being worn)
 Comestibles  ('%')
  g - 12 uncursed apples
  o - an uncursed banana
  x - 4 uncursed food rations
  c - a cursed rotten tin of imp meat
 Scrolls  ('?')
  p - a cursed scroll of enchant armor
  B - a blessed scroll of enchant weapon
  t - an uncursed scroll of identify
  j - a cursed scroll of identify
 Potions  ('!')
  K - an uncursed potion of blindness
  E - an uncursed potion of confusion
  G - a cursed potion of enlightenment
  h - a blessed potion of fruit juice
  k - a cursed potion of hallucination
  v - an uncursed potion of object detection
  M - a cursed potion of oil
  l - a cursed potion of restore ability
  F - an uncursed potion of sickness
 Wands    ('/')
  m - an uncursed wand of create monster (0:11)
  n - an uncursed wand of light (0:13)
  u - an uncursed wand of sleep (0:7)
 Tools    ('(')
  D - an uncursed blindfold
  C - an uncursed credit card
  H - an uncursed stethoscope
 Gems/Stones  ('*')
  L - 3 uncursed worthless pieces of yellowish brown glass
  s - a cursed worthless piece of yellowish brown glass

CyberFan the Knight's attributes:

Background:
 You were a Bachelor, a level 6 female human Knight.
 You were lawful, on a mission for Lugh
 who was opposed by Brigit (neutral) and Manannan Mac Lir (chaotic).
 You were right-handed.
 You were in Sokoban, on level 6.
 You entered the dungeon 2668 turns ago.
 You had 410 experience points, 230 more were needed to attain level 7.

Basics:
 You had 0 out of 46 hit points.
 You had all 45 energy points (spell power).
 Your armor class was -1.
 Your wallet contained 65 zorkmids.
 Autopickup was on for '$%?!"=/*', with exceptions.

Final Characteristics:
 Your strength was 14 (limit:18/100).
 Your dexterity was 9 (limit:18).
 Your constitution was 11 (limit:18).
 Your intelligence was 11 (limit:18).
 Your wisdom was 14 (limit:18).
 Your charisma was 17 (limit:18).

Final Status:
 You weren't hungry.
 You were unencumbered.
 You were wielding a long sword.
 You had basic skill with long sword.

Final Attributes:
 You were piously aligned.
 You were level-drain resistant.
 You had automatic searching.
 You were displaced.
 You could jump.
 You were guarded.
 You are dead.

Miscellaneous:
 You disabled loading and storing of bones levels.
 Total elapsed playing time was 36 minutes and 1 second.

Major events:
 Turn
    1: CyberFan the lawful female human Knight entered the dungeon
 1119: attained the rank of Esquire (level 3)
 1689: entered Sokoban
 2185: entered the Gnomish Mines
 2306: was given Excalibur by the Lady of the Lake
 2429: attained the rank of Bachelor (level 6)
 2668: killed by an owlbear

You didn't know any spells.

Skills:
 Fighting Skills
   bare handed combat [Unskilled]
   two weapon combat  [Unskilled]
   riding             [Basic]
 Weapon Skills
   dagger             [Unskilled]
   knife              [Unskilled]
   axe                [Unskilled]
   pick-axe           [Unskilled]
   short sword        [Unskilled]
   broadsword         [Unskilled]
   long sword         [Basic]
   two-handed sword   [Unskilled]
   saber              [Unskilled]
   club               [Unskilled]
   mace               [Unskilled]
   morning star       [Unskilled]
   flail              [Unskilled]
   hammer             [Unskilled]
   polearms           [Unskilled]
   spear              [Unskilled]
   trident            [Unskilled]
   lance              [Skilled]
   bow                [Unskilled]
   crossbow           [Unskilled]
 Spellcasting Skills
   attack spells      [Unskilled]
   healing spells     [Unskilled]
   clerical spells    [Unskilled]

Voluntary challenges:
 Character rerolling was not enabled.
 You were illiterate.
 You never genocided any monsters.
 You never polymorphed an object.
 You never changed form.
 You used no wishes.
 You did not violate any of the special Sokoban rules.
Achievements:
 You entered a shop.
 You attained the rank of Esquire.
 You entered Sokoban.
 You entered the Gnomish Mines.
 You attained the rank of Bachelor.

 The Dungeons of Doom: levels 1 to 8
    Level 1:
    Level 2:
    Level 3:
       An armor shop.
       Stairs down to The Gnomish Mines.
    Level 4:
    Level 5:
       A general store, some fountains.
    Level 6:
    Level 7:
       Stairs up to Sokoban, level 6.
    Level 8:
       A fountain.
 The Gnomish Mines:
    Level 4:
 Sokoban:
    Level 6: <- You were here.
       Unsolved.
       Final resting place for
          you, killed by an owlbear.


Vanquished creatures:
  a spotted jelly
  a dog
  a bugbear
  a water nymph
  a mountain nymph
  2 rock moles
  a pony
  a fog cloud
  a kitten
  a dwarf
  6 hill orcs
  a rothe
  2 giant bats
  4 orc zombies
  a werejackal
  4 iguanas
 an acid blob
  2 coyotes
  a large kobold
  a hobgoblin
  3 giant rats
  2 yellow molds
  a red mold
  a gnome
  a garter snake
  3 geckos
  7 jackals
  2 kobolds
  2 goblins
  a sewer rat
  3 grid bugs
  a bat
  3 lichens
  3 newts
67 creatures vanquished.

No species were genocided or became extinct.

Game over:
                       ----------
                      /          \
                     /    REST    \
                    /      IN      \
                   /     PEACE      \
                  /                  \
                  |     CyberFan     |
                  |      65 Au       |
                  |   killed by an   |
                  |     owlbear      |
                  |                  |
                  |                  |
                  |       2026       |
                 *|     *  *  *      | *
        _________)/\\_//(\/(/\)/\//\/|_)_______

Fare thee well CyberFan the Knight...

You died in Sokoban on dungeon level 6 with 2049 points,
and 65 pieces of gold, after 2668 moves.
You were level 6 with a maximum of 46 hit points when you died.

